 Dungeon Crawl Stone Soup version 0.26.1-11-gd32895ea62 (webtiles) character file.

Game seed: 6145366569152055677

17406 Exodus22XD the Cleaver (level 12, -37/157 HPs)
             Began as a Hill Orc Monk on Apr 25, 2021.
             Was the Champion of Beogh.
             Killed from afar by an ogre mage (39 damage)
             ... with a bolt of lightning
             ... while paralysed by an ogre mage
             ... on level 1 of the Orcish Mines.
             The game lasted 01:08:23 (17706 turns).

Exodus22XD the Cleaver (Hill Orc Monk)             Turns: 17706, Time: 01:08:24

Health: -37/157    AC: 19    Str: 19    XL:     12   Next: 47%
Magic:  17/17      EV:  2    Int: 10    God:    Beogh [******]
Gold:   910        SH:  0    Dex: 13    Spells: 11/11 levels left

rFire    + . .     SeeInvis +   A - +4 war axe
rCold    . . .     Faith    +   I - +0 kite shield
rNeg     + . .     Spirit   .   P - +1 chain mail "Rainios" {rF+}
rPois    .         Reflect  .   F - +0 helmet
rElec    .         Harm     .   g - +1 cloak {Will+}
rCorr    .         Rampage  .   (no gloves)
Will     +....                  C - +0 pair of boots
Stlth    ..........             i - amulet of faith
HPRegen  0.36/turn              w - ring of see invisible
MPRegen  0.15/turn              H - ring of positive energy

@: paralysed, berserking, very slightly contaminated
A: walk on water
a: Renounce Religion, Smiting, Recall Orcish Followers, Give Item to Named
Follower, Resurrection


You were on level 1 of the Orcish Mines.
You worshipped Beogh.
Beogh was exalted by your worship.
You visited 3 branches of the dungeon, and saw 14 of its levels.
You also visited: Ossuary.

You collected 910 gold pieces.

Inventory:

Hand Weapons
 b - a +3 battleaxe
 c - a +5 morningstar
 A - a +4 war axe (weapon)
 E - a +2 vorpal flail
Armour
 g - a +1 cloak of willpower (worn)
 C - a +0 pair of boots (worn)
 F - a +0 helmet (worn)
 I - a +0 kite shield (worn)
 O - a scarf of shadows
 P - the +1 chain mail "Rainios" (worn) {rF+}
   (You took it off an orc warrior on level 7 of the Dungeon)

   It protects you from fire.
Jewellery
 i - an amulet of faith (around neck)
 m - an uncursed ring of willpower
 u - an uncursed amulet of magic regeneration {unknown}
 w - a ring of see invisible (left hand)
 H - a ring of positive energy (right hand)
Wands
 a - a wand of iceblast (1)
 v - a wand of digging (6)
 B - a wand of flame (40)
 J - a wand of polymorph (10)
 N - a wand of enslavement (12)
Scrolls
 e - 2 scrolls of fog
 f - 2 scrolls of immolation
 h - 4 scrolls of teleportation
 j - a scroll of blinking
 k - 4 scrolls of enchant weapon
 l - 3 scrolls of enchant armour
 o - 5 scrolls of remove curse
 r - 3 scrolls of fear
 y - a scroll of vulnerability
 G - a scroll of summoning {unknown}
Potions
 d - a potion of might {unknown}
 n - 2 potions of resistance
 p - 2 potions of curing
 q - 8 potions of ambrosia
 s - 2 potions of attraction
 t - 4 potions of lignification
 M - a potion of flight


   Skills:
 + Level 9.5 Fighting
 + Level 14.0 Axes
 * Level 12.5 Armour
 - Level 2.4 Dodging
 - Level 1.5 Stealth
 * Level 8.6 Shields
 * Level 7.8 Invocations
 + Level 0.4 Evocations


You had 11 spell levels left.
You didn't know any spells.
Your spell library was empty.

Dungeon Overview and Level Annotations

Branches:
Dungeon (12/15)            Temple (1/1) D:4            Lair (0/6) D:8
    Orc (1/2) D:9         Ossuary (visited)

Altars:
Ashenzari
Cheibriados
Dithmenos
Elyvilon
Fedhas
Gozag
Hepliaklqana
Kikubaaqudgha
Makhleb
Nemelex Xobeh
Okawaru
Qazlal
Ru
Sif Muna
Trog
Uskayaw
Vehumet
Wu Jian
Xom
Yredelemnul
Zin
The Shining One
Beogh
Lugonu

Shops:
D:6 *   D:9 [   D:10 =   D:12 [

Annotations:
D:11 2 transporters, Almogavar's ghost, journeyman HOFi


Message History

You hit the ogre mage.
Your chain mail "Rainios" prevents you from hitting the orc warrior.
The ogre mage points at you and mumbles some strange words.
You suddenly lose the ability to move!
The orc knight hits you with a +0 glaive!
* * * LOW HITPOINT WARNING * * *
Your orc warrior hits the orc knight with a +0 hand axe!
Your orc warrior hits the ogre mage with a +0 hand axe!
The ogre mage casts a spell at you. The bolt of lightning hits you!!
* * * LOW HITPOINT WARNING * * *
Your orc priest mumbles some strange prayers to Beogh against the orc knight.
The orc knight is smitten.
The orc knight dies!
Beogh accepts your kill.
Your orc priest looks more experienced.
The orc warrior hits you but does no damage.
The ogre mage gestures at you while chanting.
The bolt of lightning hits you!!!
You die...

...).>O ...... .....).........
............#.# .............#
............# .......#....##
#.....o#Oo...# #.#...@oo..##
##............# ### ## $. ##
..#....#.#....# #.##.## ..##.
.....###.##...##......### ......
.....#.........##..#....#
.....###...............)#........
.....................#)#).......#
#......))##).........##..$...###
#........#.................#.#


You could see a two-headed ogre, an ogre mage (fast), an orc warrior, a friendly
orc warrior, a friendly orc priest and a friendly orc.

Vanquished Creatures
  7 two-headed ogres
  A manticore (D:12)
  2 kobold demonologists (D:10)
  2 meliai (D:12)
  A troll (Orc:1)
  6 wraiths
  A yak (D:12)
  Eustachio (D:4)
  Menkaure (D:4)
  Duvessa (D:7)
  An ice beast (D:5)
  2 orc warriors
  A necrophage (D:6)
  4 centaurs
  A wolf (D:8)
  3 ogres
  A big kobold (D:11)
  2 elf zombies (D:5)
  4 bullfrogs
  2 elf skeletons (D:5)
  A water moccasin skeleton (D:7)
  A wyvern skeleton (D:9)
  Dowan (D:7)
  2 scorpions
  11 killer bees
  3 wights (Ossuary)
  2 electric eels (D:12)
  A howler monkey (D:6)
  A quasit (D:7)
  A bullfrog skeleton (D:9)
  A bullfrog zombie (D:12)
  2 hounds
  3 human zombies (D:5)
  2 orc priests
  A gnoll shaman (D:9)
  5 jellies
  4 orc wizards
  A human skeleton (D:5)
  An iguana (D:7)
  9 worker ants
  A killer bee zombie (D:7)
  3 hound zombies
  A hound skeleton (D:5)
  10 gnolls
  11 adders
  2 shadow imps (D:5)
  An ufetubus (D:9)
  7 oozes (D:4)
  3 adder zombies
  5 adder skeletons
  4 worms
  3 dart slugs
  2 leopard geckos
  21 orcs
  A ball python (D:2)
  5 bats
  A bat skeleton (D:2)
  6 giant cockroaches
  2 goblins
  4 hobgoblins
  2 jackals (D:9)
  26 kobolds
  4 quokkas
  3 ball python skeletons (Ossuary)
  2 frilled lizards (D:1)
  2 hobgoblin skeletons (Ossuary)
  A jackal skeleton (D:5)
  A jackal zombie (D:2)
  A kobold zombie (Ossuary)
  4 orc skeletons
  An orc zombie (Ossuary)
  A quokka skeleton (D:2)
  A quokka zombie (D:6)
  4 rats
243 creatures vanquished.

Vanquished Creatures (collateral kills)
  Josephine (D:12)
  A boulder beetle (D:8)
  A hydra (D:9)
  A wizard (D:12)
  An orc knight (Orc:1)
  A wolf spider zombie (D:11)
  2 ugly things (D:12)
  2 kobold demonologists
  A queen bee (D:12)
  A meliai (D:12)
  2 trolls
  A wyvern (D:12)
  2 yaks (D:12)
  2 wraiths
  Grum (D:8)
  A water moccasin (D:8)
  7 orc warriors
  An ice beast (D:11)
  A black bear (D:10)
  A phantom (D:11)
  2 ogres
  2 wolves (D:8)
  3 centaurs
  3 big kobolds
  2 bullfrogs
  3 scorpions
  17 killer bees
  5 wights (D:11)
  3 electric eels (D:12)
  A centaur skeleton (D:11)
  A jelly (D:10)
  5 orc priests
  A bullfrog zombie (D:11)
  A bullfrog skeleton (D:9)
  3 orc wizards
  An iguana (D:8)
  A killer bee zombie (D:7)
  A hound skeleton (D:11)
  2 adders
  4 gnolls (D:2)
  A shadow imp (D:10)
  The ghost of destino the Skirmisher, a weakling OgDe (D:7)
  An adder zombie (D:9)
  11 orcs
  A giant cockroach (D:2)
  2 jackals (D:8)
  2 quokkas
  A frilled lizard (D:2)
  14 kobolds
126 creatures vanquished.

Vanquished Creatures (others)
  3 orc warriors
  Edmund (D:4)
  5 orc priests
  7 orc wizards
  19 orcs
  5 demonic plants (D:10)
  5 fungi
  37 plants
  8 toadstools (D:4)
  7 withered plants (D:2)
97 creatures vanquished.

Grand Total: 466 creatures vanquished

Notes
Turn   | Place    | Note
-------+----------+-------------------------------------------
     0 | D:1      | Exodus22XD the Hill Orc Monk began the quest for the Orb.
     0 | D:1      | Reached XP level 1. HP: 19/19 MP: 1/1
   529 | D:1      | Reached XP level 2. HP: 27/27 MP: 2/2
   756 | D:2      | Reached skill level 1 in Armour
   898 | D:2      | Reached XP level 3. HP: 16/33 MP: 3/3
  1260 | D:2      | Reached skill level 5 in Axes
  1461 | D:3      | Noticed a centaur
  1504 | D:3      | Killed a centaur
  1505 | D:3      | Reached skill level 6 in Axes
  1505 | D:3      | Reached XP level 4. HP: 35/41 MP: 4/4
  1505 | D:3      | Reached XP level 5. HP: 40/47 MP: 5/5
  1969 | D:3      | Found a white marble altar of Elyvilon.
  2097 | D:3      | Found a broken altar of Ashenzari.
  2772 | D:4      | Noticed Eustachio
  2773 | D:4      | Noticed an ogre
  2787 | D:4      | Killed an ogre
  2788 | D:4      | Reached skill level 5 in Fighting
  2788 | D:4      | Reached XP level 6. HP: 8/56 MP: 6/6
  3115 | D:4      | Reached skill level 7 in Axes
  3202 | D:4      | Found a staircase to the Ecumenical Temple.
  3287 | D:4      | Noticed Edmund
  3512 | Temple   | Entered the Ecumenical Temple
  4142 | D:4      | You fall into a shaft and drop 1 floor!
  4142 | D:5      | Entered Level 5 of the Dungeon
  4430 | D:5      | Reached XP level 7. HP: 42/61 MP: 7/7
  4501 | D:5      | Found a sand-covered staircase.
  4555 | Ossuary  | Entered an ossuary
  4915 | Ossuary  | Noticed a flying skull
  4915 | Ossuary  | Noticed a wraith
  4922 | Ossuary  | Noticed a flying skull
  4992 | Ossuary  | Reached skill level 8 in Axes
  4992 | Ossuary  | Reached skill level 5 in Armour
  4999 | Ossuary  | Noticed a flying skull
  5007 | Ossuary  | Noticed a wraith
  5019 | Ossuary  | Killed a wraith
  5093 | Ossuary  | Noticed a wraith
  5108 | Ossuary  | Killed a wraith
  5109 | Ossuary  | Reached XP level 8. HP: 22/70 MP: 8/8
  5801 | D:5      | Reached skill level 9 in Axes
  5909 | D:5      | Found a burning altar of Makhleb.
  6422 | D:6      | Became a worshipper of Beogh the Brigand
  6422 | D:6      | Reached * piety under Beogh
  6422 | D:6      | Reached ** piety under Beogh
  6423 | D:6      | Identified the cursed +0 robe of the Harvest {-Tele +Inv
                  | Dex+4}
  6505 | D:4      | Killed Eustachio
  6506 | D:4      | Reached XP level 9. HP: 65/79 MP: 9/9
  6690 | D:4      | Noticed Menkaure
  6697 | D:4      | Killed Menkaure
  6698 | D:4      | Reached skill level 10 in Axes
  7021 | D:4      | Killed Edmund
  7723 | D:6      | Found Zeajic's General Store.
  8076 | D:6      | Reached skill level 1 in Shields
  8476 | D:7      | Reached skill level 11 in Axes
  8596 | D:7      | Found a runed translucent gate.
  8596 | D:7      | Noticed destino's ghost (weakling OgDe)
  8597 | D:7      | Found a runed translucent gate.
  8598 | D:7      | Identified the +8 halberd "Pagec" {vorpal, Dex+4}
  8598 | D:7      | Identified the +1 chain mail "Rainios" {rF+}
  8601 | D:7      | Found a runed translucent gate.
  8604 | D:7      | Found a roughly hewn altar of Beogh.
  8829 | D:7      | Found an ancient bone altar of Kikubaaqudgha.
  9340 | D:7      | Found a hazy altar of Hepliaklqana.
  9348 | D:7      | Reached *** piety under Beogh
  9411 | D:7      | Noticed Dowan
  9411 | D:7      | Noticed Duvessa
  9422 | D:7      | Killed Dowan
  9423 | D:7      | Reached skill level 1 in Invocations
  9429 | D:7      | Killed Duvessa
  9837 | D:7      | Found a glowing golden altar of the Shining One.
 10138 | D:7      | Found a snail-covered altar of Cheibriados.
 10338 | D:8      | Reached XP level 10. HP: 58/88 MP: 11/11
 10365 | D:8      | Noticed Grum
 10376 | D:8      | Killed Grum
 10698 | D:8      | Found a staircase to the Lair.
 10708 | D:8      | Reached **** piety under Beogh
 10787 | D:8      | Noticed a two-headed ogre
 10800 | D:8      | Killed a two-headed ogre
 11238 | D:8      | Noticed a boulder beetle
 11246 | D:8      | Killed a boulder beetle
 11247 | D:8      | Reached skill level 12 in Axes
 11489 | D:8      | Noticed a two-headed ogre
 11497 | D:8      | Killed a two-headed ogre
 11498 | D:8      | Reached skill level 10 in Armour
 11498 | D:8      | Reached skill level 5 in Shields
 11642 | D:9      | Found a staircase to the Orcish Mines.
 11710 | D:9      | Found Feroxtyt's Antique Armour Shop.
 11789 | D:9      | Noticed an eight-headed hydra
 11799 | D:9      | Killed an eight-headed hydra
 12271 | D:9      | Found an opulent altar of Gozag.
 12319 | D:9      | Reached skill level 5 in Invocations
 12640 | D:9      | Reached XP level 11. HP: 95/95 MP: 14/14
 12651 | D:9      | Found an ancient bone altar of Kikubaaqudgha.
 12698 | D:9      | Noticed a two-headed ogre
 12707 | D:9      | Killed a two-headed ogre
 12974 | D:10     | Entered Level 10 of the Dungeon
 13055 | D:10     | Found a corrupted altar of Lugonu.
 13072 | D:10     | Noticed a soul eater
 13452 | D:10     | Reached ***** piety under Beogh
 13583 | D:10     | Found Ophucar's Jewellery Boutique.
 13824 | D:10     | Noticed a tengu reaver
 14441 | D:11     | Noticed a moth of wrath
 14443 | D:11     | Noticed a two-headed ogre
 14443 | D:11     | Identified the +5 glaive of Wonderful Subterfuge {flame,
                  | rF+ rC+ Dex+4}
 14443 | D:11     | Noticed an orc knight
 14443 | D:11     | Noticed Almogavar's ghost (journeyman HOFi)
 14443 | D:11     | Noticed a two-headed ogre
 14444 | D:11     | Identified the cursed +0 whip of the Twenty Wonders
                  | {vorpal, rPois Str+4}
 14444 | D:11     | Noticed a tengu warrior
 14444 | D:11     | Identified the +7 great mace of Eternity {flame, rF+ Str+2}
 14444 | D:11     | Noticed a two-headed ogre
 14463 | D:11     | Found a transporter.
 14468 | D:11     | Found a transporter.
 14985 | D:12     | Noticed a manticore
 14998 | D:12     | Killed a manticore
 15003 | D:12     | Gained Bogfrid as an ally
 15534 | D:12     | Reached skill level 13 in Axes
 15947 | D:12     | Noticed a purple ugly thing
 15948 | D:12     | Noticed a white ugly thing
 15953 | D:12     | Noticed a wizard
 15954 | D:12     | Gained Korbok as an ally
 15956 | D:12     | Killed a white ugly thing
 15959 | D:12     | Killed a red ugly thing
 15962 | D:12     | Killed a wizard
 16061 | D:12     | Found Ycoad's Antique Armour Shop.
 16074 | D:12     | Reached ****** piety under Beogh
 16096 | D:12     | Gained Bogmar as an ally
 16366 | D:12     | Reached XP level 12. HP: 104/104 MP: 17/17
 16372 | D:12     | Noticed Josephine
 16376 | D:12     | Killed Josephine
 17309 | D:7      | Killed destino's ghost
 17548 | Orc:1    | Entered Level 1 of the Orcish Mines
 17610 | Orc:1    | Found a roughly hewn altar of Beogh.
 17631 | Orc:1    | Noticed a two-headed ogre
 17632 | Orc:1    | Noticed a two-headed ogre
 17632 | Orc:1    | Noticed a two-headed ogre
 17633 | Orc:1    | Noticed an ogre mage
 17633 | Orc:1    | Noticed a two-headed ogre
 17634 | Orc:1    | Noticed a two-headed ogre
 17641 | Orc:1    | Killed a two-headed ogre
 17654 | Orc:1    | Killed a two-headed ogre
 17659 | Orc:1    | Killed a two-headed ogre
 17666 | Orc:1    | Killed a two-headed ogre
 17667 | Orc:1    | Reached skill level 14 in Axes
 17704 | Orc:1    | Paralysed by an ogre mage for 7 turns
 17705 | Orc:1    | HP: 1/157 [ogre mage/bolt of lightning (29)]
 17706 | Orc:1    | Killed from afar by an ogre mage

Illustrated notes

Levels and vault maps discovered:
D:1:      lightli_arrival_flooded_house, layout_rooms
D:2:      kennysheep_six_static_rooms, layout_rooms, serial_undead,
          serial_undead_b, serial_undead_b, serial_undead_e, serial_undead_b,
          serial_undead_f, serial_undead_b, serial_undead_c
D:3:      layout_basic, nicolae_ashenzari_panopticon, elyvilon_altar_1,
          bh_walls_and_bars
D:4:      cheibrodos_fertilizer, layout_basic, lemuel_temple_firewalk_b,
          uniq_edmund, uniq_menkaure, uniq_eustachio
D:5:      layout_loops_ring, kennysheep_mini, nicolae_ossuary_entry_catacombs
D:6:      layout_loops_ring, serial_shops, shop
D:7:      layout_layer_cave, nicolae_overflow_hidden_temple,
          overflow_temple_1_default, general_overflow_altar,
          biasface_ghost_orc_armoury, cheibrodos_worm_habitat, uniq_duvessa
D:8:      layout_rooms, dpeg_oklobed_lair, uniq_grum
D:9:      layout_loops_ring, overflow_temple_1_default, orc_0_dummy,
          basic_altar, serial_shops, shop_fountains
D:10:     kennysheep_kobold_lugonu_temple, layout_irregular_city, serial_shops,
          shop, solitary_fountain, kennysheep_island_fort
D:11:     layout_cave_pools, gammafunk_ghost_wrathful_warriors, st_stairs_5
D:12:     layout_roguey, serial_shops, shop_statue, serial_bayou,
          serial_bayou_ford_a, serial_bayou_pond_e, serial_bayou_lagoon_b,
          serial_bayou_shore_b, special_room [special_room_bee], minmay_radiant,
          uniq_josephine
Temple:   regret_index_temple_generic_petals
Orc:1:    layout_caves, basic_altar, uniq_fannar

Skill      XL: |  1  2  3  4  5  6  7  8  9 10 11 12 |
---------------+-------------------------------------+-----
Fighting       | 4 5 6 7 8 9 |  9.5
Armour         | 1 2 3 4 6 7 9 10 12 | 12.5
Axes           | 6 7 8 9 11 12 13 14 | 14.0
Shields        | 3 5 7 8 |  8.6
Invocations    | 2 5 7 |  7.8
Dodging        | |  2.4
Stealth        | |  1.5
Evocations     | |  0.4

Action                   |  1- 3 |  4- 6 |  7- 9 | 10-12 || total
-------------------------+-------+-------+-------+-------++-------
Melee: Hand axe          |   119 |   165 |    38 |       ||   322
       Morningstar       |       |       |    38 |    11 ||    49
       War axe           |       |       |   336 |   419 ||   755
Invok: Convert to Beogh  |       |       |     1 |       ||     1
       Recall Orcish Fol |       |       |       |    10 ||    10
       Give Item to Name |       |       |       |     1 ||     1
Evoke: Wand              |       |       |       |     2 ||     2
  Use: Potion            |     1 |     2 |     2 |    12 ||    17
       Scroll            |     1 |     6 |     7 |    13 ||    27
 Stab: Sleeping          |     4 |       |       |       ||     4
       Invisible         |       |       |       |    11 ||    11
       Distracted        |       |       |       |     1 ||     1
Armor: Robe              |    18 |       |       |       ||    18
       Chain mail        |     8 |    79 |   190 |   200 ||   477
Dodge: Dodged            |    95 |    49 |   134 |   125 ||   403
Block: Kite shield       |       |       |    72 |   254 ||   326
